 Dungeon Crawl Stone Soup version 0.25-a0-578-gc91f01c39c (webtiles) character file.

Game seed: 134752280904382569, levelgen mode: deterministic

96856 Esekla the Spry (level 15, -2/76 HPs)
             Began as a Spriggan Artificer on Mar 7, 2020.
             Killed from afar by a shock serpent (26 damage)
             ... with a bolt of electricity
             ... on level 3 of the Snake Pit on Mar 8, 2020.
             The game lasted 06:05:17 (38895 turns).

Esekla the Spry (Spriggan Artificer)               Turns: 38895, Time: 06:05:18

Health: -2/76      AC: 16    Str:  8    XL:     15   Next: 70%
Magic:  23/30      EV: 41    Int: 18    God:
Gold:   3822       SH:  0    Dex: 18    Spells: 5/35 levels left

rFire    . . .     SeeInvis +   i - +1 dagger (distort)
rCold    + . .     Gourm    .   (shield restricted)
rNeg     . . .     Faith    .   w - +3 troll leather armour
rPois    .         Spirit   .   U - +2 hat
rElec    .         Reflect  .   E - +2 cloak {+Inv}
rCorr    .         Harm     .   (gloves unavailable)
MR       ++...                  (boots unavailable)
Stlth    +++++.....             (no amulet)
HPRegen  0.62/turn              N - +3 ring of slaying
MPRegen  0.22/turn              l - ring of Phasing {EV+8}

@: very quick
A: very small, unfitting armour, horns 1, iridescent scales 1, rugged brown
scales 1, see invisible, cold resistance 1, herbivore, speed 3, robust 1, slow
metabolism 2
a: Evoke Invisibility


You were on level 3 of the Snake Pit.
You were not hungry.

You visited 5 branches of the dungeon, and saw 25 of its levels.
You also visited: Volcano.

You collected 6210 gold pieces.
You spent 2388 gold pieces at shops.

Inventory:

Hand Weapons
 i - a +1 dagger of distortion (weapon)
Missiles
 z - 18 boomerangs (quivered)
 K - 32 poisoned darts
 X - 4 boomerangs of dispersal
Armour
 q - a scarf of cloud immunity
 w - a +3 troll leather armour (worn)
 E - a +2 cloak of invisibility (worn)
 L - a scarf of repulsion
 U - a +2 hat (worn)
Jewellery
 h - an uncursed ring of poison resistance
 l - the ring of Phasing (right hand) {EV+8}
   (You found it on level 2 of the Lair of Beasts)

   [ring of evasion]

   It affects your evasion (+8).
 o - an uncursed ring of positive energy
 r - an uncursed ring of protection from magic
 v - an uncursed ring of fire
 G - an uncursed ring of ice
 I - an uncursed ring of resist corrosion
 N - a +3 ring of slaying (left hand)
Wands
 b - a wand of iceblast (5)
 c - a wand of flame (11)
 y - a wand of random effects (17)
 D - a wand of scattershot (5)
 H - a wand of digging (2)
 J - a wand of polymorph (11)
 T - a wand of disintegration (12)
 Z - a wand of paralysis (3)
Scrolls
 a - 6 scrolls of identify
 j - 4 scrolls of blinking
 m - 5 scrolls of remove curse
 p - 13 scrolls of teleportation
 s - 4 scrolls of magic mapping
 x - 2 scrolls of fear
 C - 5 scrolls of enchant armour
 M - a scroll of fog
 Q - a scroll of amnesia
 V - a scroll of enchant weapon
Potions
 d - a potion of magic
 e - a potion of cancellation
 g - 3 potions of might
 k - a potion of berserk rage
 n - 3 potions of haste
 t - a potion of brilliance
 A - 3 potions of lignification
 F - 2 potions of curing
Miscellaneous
 B - 2 tins of tremorstones
Comestibles
 f - 18 rations


   Skills:
 - Level 3.0 Fighting
 + Level 12.3 Short Blades
 - Level 10.1 Throwing
 - Level 5.0 Armour
 + Level 18.2 Dodging
 - Level 11.4 Stealth
 * Level 10.8 Spellcasting
 + Level 5.6 Conjurations
 + Level 6.1 Hexes
 * Level 2.4 Summonings
 * Level 4.0 Translocations
 * Level 8.3 Transmutations
 * Level 5.5 Fire Magic
 * Level 2.3 Air Magic
 * Level 2.5 Poison Magic
 + Level 7.3 Evocations


You had 5 spell levels left.
You knew the following spells:

 Your Spells              Type           Power        Failure   Level  Hunger
a - Apportation           Tloc           ###...       1%          1    None
b - Blink                 Tloc           N/A          2%          2    None
c - Mephitic Cloud        Conj/Pois/Air  ###.....     7%          3    None
d - Dazzling Flash        Conj/Hex       ####..       2%          3    None
e - Searing Ray           Conj           ####..       1%          2    None
f - Conjure Flame         Conj/Fire      ####....     3%          3    None
i - Irradiate             Conj/Tmut      ####......   16%         5    #####..
k - Tukima's Dance        Hex            ####....     2%          3    None
l - Summon Lightning Spi  Summ/Air       ###.....     36%         4    ##.....
y - Sticky Flame          Conj/Fire      ####....     10%         4    ##.....

Your spell library contained the following spells:

 Spells                   Type           Power        Failure   Level  Hunger
 Corona                   Hex            ####...      1%          1    None
 Foxfire                  Conj/Fire      ####         1%          1    None
 Magic Dart               Conj           ####         1%          1    None
 Slow                     Hex            ####....     1%          2    None
 Confusing Touch          Hex            ####....     2%          3    None
 Inner Flame              Hex/Fire       ####....     2%          3    None
 Summon Butterflies       Summ           ###.....     3%          1    None
 Summon Small Mammal      Summ           ###.         3%          1    None
 Ensorcelled Hibernation  Hex/Ice        ###...       4%          2    None
 Summon Guardian Golem    Hex/Summ       ####....     4%          3    None
 Call Imp                 Summ           ###.....     5%          2    None
 Lesser Beckoning         Tloc           ###.......   5%          3    None
 Recall                   Summ/Tloc      N/A          8%          3    None
 Fulminant Prism          Conj/Hex       ####......   9%          4    ##.....
 Sandblast                Erth           #.....       10%         1    None
 Stone Arrow              Conj/Erth      ###...       10%         3    None
 Call Canine Familiar     Summ           ###.....     11%         3    None
 Iskenderun's Mystic Bla  Conj/Tloc      ####....     14%         4    ##.....
 Alistair's Intoxication  Tmut/Pois      ####....     28%         5    #####..
 Fireball                 Conj/Fire      ####......   28%         5    #####..
 Summon Mana Viper        Hex/Summ       ####....     43%         5    #####..
 Summon Ice Beast         Ice/Summ       ##......     52%         4    ##.....
 Summon Demon             Summ           ###.......   71%         5    #####..
 Hydra Form               Tmut           #####.....   45%         6    ######.
 Invisibility             Hex            ####....     77%         6    ######.
 Statue Form              Tmut/Erth      ###......    95%         6    ######.
 Dragon Form              Tmut           #####.....   95%         7    #######
 Shadow Creatures         Summ           N/A          99%         6    ######.
 Summon Hydra             Summ           ###.......   100%        7    #######
 Shatter                  Erth           #.........   100%        9    #######


Dungeon Overview and Level Annotations

Branches:
Dungeon (13/15)            Temple (1/1) D:5            Lair (6/6) D:11
  Swamp (0/4) Lair:4        Snake (3/4) Lair:3        Slime (0/5) Lair:5
    Orc (2/2) D:11            Elf (0/3) Orc:2       Volcano (visited)
 Vaults: D:13-14

Altars:
Ashenzari
Cheibriados
Dithmenos
Elyvilon
Fedhas
Gozag
Hepliaklqana
Kikubaaqudgha
Makhleb
Nemelex Xobeh
Okawaru
Qazlal
Ru
Sif Muna
Trog
Uskayaw
Vehumet
Wu Jian
Xom
Yredelemnul
Zin
The Shining One
Beogh
Jiyva

Shops:
D:6 *   D:8 ?   Orc:2 =([=   Snake:1 ??%:

Portals:
Trove: D:11 (give +5 ice dragon scales)

Annotations:
D:6 2 transporters, EtherCrawl's ghost, novice KoBe
Lair:6 exclusion: 3 oklob plants
Abyss:1 Ijyb, Prince Ribbit


Innate Abilities, Weirdness & Mutations

You are very small and have problems with some larger weapons.
You are too small for most types of armour.
You have supernaturally acute eyesight. (SInv)
You are a herbivore.
You cover ground extremely quickly.
You need to consume almost no food.
You have a pair of small horns on your head.
You are partially covered in iridescent scales. (AC +2)
You are partially covered in rugged brown scales. (AC +1, +3% HP)
Your flesh is cold resistant. (rC+)
You are robust. (+10% HP)


Message History

The shock serpent shoots out a bolt of lightning at you!
The bolt of electricity misses you. The bolt of electricity hits you!!
The searing ray misses the shock serpent.
You finish channeling your searing ray.
The shock serpent is engulfed in blazing flames.
The shock serpent shoots out a bolt of lightning at you!
The bolt of electricity hits you!!
* * * LOW HITPOINT WARNING * * *
The bolt of electricity misses you.
The shock serpent's electric aura discharges, shocking you!
* * * LOW HITPOINT WARNING * * *
The shock serpent is engulfed in blazing flames.
The shock serpent completely misses you.
The shock serpent's electric aura discharges, shocking you!
* * * LOW HITPOINT WARNING * * *
You feel much better.
The shock serpent is engulfed in blazing flames.
The shock serpent shoots out a bolt of lightning at you!
The bolt of electricity hits you!!
You die...

... ##S##..##..#............ ...#
##.# ## #............ ....# #..#
#........### #..####.##
#........##. #..#.S# #......###.
. ###....# #####....####. .
##......## #.# ####.# #..
.###.....#..########.# #.# ##.
.......####....S@..#.######.###..
#....### ##.######)#.........###
##..## #.## #)#####......## #.##
####### #(# ##.......# ##.†###
##.....####.# #........#
#.##..###.#......##(# #......S##
.###....#.##........## #.........
.......#.####........###......###
.....####.####....((..........###


You could see a shock serpent.

Vanquished Creatures
  Roxanne (Snake:1)
  2 stone giants
  Nessos (Lair:5)
  6 hydras
  4 naga warriors
  Erica (D:7)
  2 anacondas
  4 ogre magi (Orc:2)
  16 two-headed ogres
  A shock serpent (Snake:1)
  4 orc high priests
  4 death yaks
  Sonja (Lair:4)
  2 naga sharpshooters (Snake:3)
  A swamp dragon (Lair:6)
  3 sea snakes (Snake:3)
  A naga ritualist (Snake:2)
  2 orc knights (Orc:1)
  A mana viper (Snake:2)
  An oklob plant (Lair:6)
  6 orc sorcerers
  A salamander (Snake:3)
  A wolf spider (Lair:6)
  4 naga magi
  A guardian serpent (Snake:1)
  4 elephants
  2 molten gargoyles (Volcano)
  Maurice (D:11)
  26 black mambas
  2 gargoyles
  A torpor snail (Lair:5)
  8 spiny frogs
  A kobold demonologist (D:12)
  5 komodo dragons
  An efreet (Volcano)
  2 rime drakes
  A freezing wraith (D:11)
  2 polar bears (Lair:4)
  5 trolls
  11 dream sheep
  2 hornets (Lair:6)
  15 blink frogs
  6 hippogriffs
  16 slime creatures
  Sigmund (D:5)
  3 redbacks (Lair:6)
  A wraith (D:12)
  A shadow (D:12)
  5 fire bats (Volcano)
  12 yaks
  3 basilisks (Lair:6)
  9 wyverns
  A fire elemental (Volcano)
  3 steam dragons (Lair:6)
  17 nagas
  17 water moccasins
  An acid dragon (Lair:6)
  4 wargs
  4 porcupines
  2 ice beasts
  24 orc warriors
  5 black bears
  A phantom (D:12)
  3 sky beasts
  2 swamp drakes (Lair:6)
  33 ogres
  2 centaurs
  3 wolves
  2 big kobolds
  9 crocodiles
  12 bullfrogs
  A gnoll sergeant (D:8)
  6 scorpions
  A howler monkey (D:10)
  4 electric eels
  5 crimson imps
  6 lava snakes (Volcano)
  A bullfrog zombie (D:11)
  8 hounds
  A jelly (D:9)
  19 orc wizards
  A bullfrog skeleton (D:10)
  17 orc priests
  2 centaur skeletons
  Terence (D:2)
  3 iguanas
  6 hell rats
  10 worker ants
  2 hound zombies
  2 hound skeletons
  4 gnolls
  9 adders
  3 shadow imps
  2 oozes
  An adder skeleton (D:4)
  2 worms
  A dart slug (D:1)
  5 leopard geckos
  123 orcs
  7 giant cockroaches
  9 goblins
  7 hobgoblins
  5 jackals
  17 kobolds
  2 quokkas
  3 ball pythons
  5 bats
  3 frilled lizards
  A jackal zombie (D:7)
  A leopard gecko skeleton (D:6)
  A leopard gecko zombie (D:7)
  A quokka zombie (D:6)
  7 rats
  4 plants
681 creatures vanquished.

Vanquished Creatures (collateral kills)
  An oklob plant (Lair:5)
1 creature vanquished.

Vanquished Creatures (others)
  A two-headed ogre (Orc:1)
  3 death yaks
  An unseen horror (D:11)
  A mana viper (Snake:1)
  An orc sorcerer (Orc:1)
  An elephant (Lair:4)
  3 black mambas
  A guardian serpent (Lair:6)
  2 komodo dragons (Lair:6)
  2 dream sheep (Lair:5)
  5 blink frogs
  2 slime creatures
  2 yaks (Lair:5)
  A basilisk (Lair:6)
  2 fire elementals (Volcano)
  A naga (Snake:3)
  A warg (Orc:2)
  A water moccasin (Lair:6)
  2 orc warriors
  A wolf (Lair:1)
  2 ogres (Orc:2)
  2 crocodiles
  3 bullfrogs
  2 howler monkeys
  2 crimson imps
  A hound (D:6)
  2 orc priests
  An iguana (Lair:6)
  A gnoll (D:9)
  An adder (Snake:3)
  6 orcs
  A hobgoblin (D:1)
  2 jackals (D:1)
  A kobold (D:8)
  A bat (D:1)
  36 fungi
  40 plants
138 creatures vanquished.

Grand Total: 820 creatures vanquished

Notes
Turn   | Place    | Note
-------+----------+-------------------------------------------
     0 | D:1      | Esekla the Spriggan Artificer began the quest for the Orb.
     0 | D:1      | Reached XP level 1. HP: 9/9 MP: 4/4
   141 | D:1      | Reached XP level 2. HP: 14/14 MP: 6/6
  1097 | D:1      | Reached XP level 3. HP: 17/17 MP: 7/7
  1116 | D:1      | Reached skill level 4 in Dodging
  1424 | D:1      | You fall into a shaft and drop 1 floor!
  1507 | D:2      | Noticed Terence
  2022 | D:2      | Killed Terence
  2022 | D:2      | Reached XP level 4. HP: 21/21 MP: 8/8
  2537 | D:3      | Found a white marble altar of Elyvilon.
  3322 | D:4      | Gained mutation: You are robust. (+10% HP) [potion of
                  | mutation]
  3322 | D:4      | Gained mutation: You evolve. [potion of mutation]
  3322 | D:4      | Gained mutation: You are clumsy. (Dex -2) [potion of
                  | mutation]
  3322 | D:4      | Gained mutation: Your flesh is cold resistant. (rC+)
                  | [potion of mutation]
  3372 | D:4      | Found an iron altar of Okawaru.
  3513 | D:4      | Reached XP level 5. HP: 19/27 MP: 9/9
  3756 | D:4      | Reached skill level 1 in Throwing
  4984 | D:5      | Entered Level 5 of the Dungeon
  5026 | D:5      | Found a staircase to the Ecumenical Temple.
  5026 | D:5      | Noticed an ogre
  5073 | D:5      | Reached skill level 5 in Dodging
  5073 | D:5      | Reached XP level 6. HP: 16/31 MP: 10/10
  5138 | Temple   | Entered the Ecumenical Temple
  5380 | D:5      | Noticed Sigmund
  5428 | D:5      | Killed Sigmund
  5428 | D:5      | Reached skill level 5 in Short Blades
  5432 | D:5      | Found an ornate altar of the Wu Jian Council.
  5461 | D:5      | Noticed Ijyb
  5526 | D:5      | Banished Ijyb
  5526 | D:5      | Reached XP level 7. HP: 35/35 MP: 11/11
  5570 | D:5      | Noticed Prince Ribbit
  6029 | D:5      | Banished Prince Ribbit
  6029 | D:5      | Reached skill level 5 in Stealth
  6084 | D:5      | Gained mutation: You expend magic power (3 MP) to
                  | strengthen your wands. [evolution]
  6085 | D:5      | Reached skill level 6 in Dodging
  7272 | D:6      | Noticed a toenail golem
  7272 | D:6      | Noticed a small abomination
  7305 | D:6      | Found a transporter.
  7307 | D:6      | Identified the +7 trident of Xuanad {distort, rF+ Str-3
                  | Dex+4}
  7311 | D:6      | Noticed EtherCrawl's ghost (novice KoBe)
  7337 | D:6      | Found a transporter.
  7339 | D:6      | Noticed an ancient zyme
  7417 | D:6      | Reached XP level 8. HP: 27/40 MP: 12/12
  7441 | D:6      | Reached skill level 5 in Throwing
  7502 | D:6      | Found a sacrificial altar of Ru.
  7623 | D:6      | Found Zouzal's General Store.
  7629 | D:6      | Bought a scroll of fear for 52 gold pieces
  7629 | D:6      | Bought a scroll of immolation for 52 gold pieces
  8101 | D:7      | Reached skill level 7 in Dodging
  8264 | D:6      | Gained mutation: You are partially covered in rugged brown
                  | scales. (AC +1, +3% HP) [evolution]
  8669 | D:7      | Found a snail-covered altar of Cheibriados.
  8927 | D:7      | Found a sparkling altar of Nemelex Xobeh.
  9071 | D:8      | Reached XP level 9. HP: 45/45 MP: 13/13
  9086 | D:8      | Found Mecog Qom's Magic Scroll Shoppe.
  9257 | D:8      | Reached skill level 8 in Dodging
  9283 | D:8      | Bought a scroll of identify for 24 gold pieces
  9283 | D:8      | Bought a scroll of teleportation for 36 gold pieces
  9356 | D:8      | Noticed Erica
 10351 | D:8      | Noticed a two-headed ogre
 10480 | D:7      | Killed Erica
 10733 | D:8      | Reached skill level 9 in Dodging
 11160 | D:9      | Noticed a two-headed ogre
 11218 | D:9      | Killed a two-headed ogre
 11218 | D:9      | Reached skill level 10 in Stealth
 11218 | D:9      | Reached XP level 10. HP: 49/49 MP: 14/14
 11585 | D:8      | Killed a two-headed ogre
 11710 | D:9      | Gained mutation: You are partially covered in iridescent
                  | scales. (AC +2) [evolution]
 11710 | D:9      | Lost mutation: You evolve. [end of evolution]
 11837 | D:9      | Found a hazy altar of Hepliaklqana.
 11838 | D:9      | Found a shimmering altar of Xom.
 11838 | D:9      | Noticed an unseen horror
 11839 | D:9      | Noticed an unseen horror
 11995 | D:9      | Reached skill level 10 in Dodging
 12121 | D:10     | Entered Level 10 of the Dungeon
 12141 | D:10     | Noticed a gargoyle
 12343 | D:9      | Killed a gargoyle
 12995 | D:11     | Found a staircase to the Orcish Mines.
 13072 | D:11     | Noticed an unseen horror
 13242 | D:11     | Found a portal to a secret trove of treasure.
 13553 | D:11     | Noticed Maurice
 14176 | D:11     | Reached skill level 11 in Dodging
 14241 | D:11     | Reached skill level 10 in Throwing
 14398 | D:11     | Reached XP level 11. HP: 54/54 MP: 15/15
 14633 | D:11     | Banished an unseen horror
 14633 | D:11     | Reached skill level 1 in Fighting
 14682 | D:11     | Found a staircase to the Lair.
 14737 | D:11     | Killed Maurice
 14737 | D:11     | Reached skill level 10 in Short Blades
 14868 | D:11     | Noticed a two-headed ogre
 14870 | D:11     | Killed a two-headed ogre
 15181 | D:13     | Reached skill level 12 in Dodging
 15308 | D:12     | Reached skill level 5 in Evocations
 15352 | D:12     | Learned a level 2 spell: Searing Ray
 15395 | D:12     | Learned a level 3 spell: Dazzling Flash
 15548 | D:12     | Reached skill level 1 in Spellcasting
 15548 | D:12     | Reached skill level 1 in Hexes
 15994 | D:12     | Learned a level 5 spell: Irradiate
 16022 | D:12     | Reached skill level 1 in Conjurations
 16654 | D:12     | Reached skill level 13 in Dodging
 16682 | D:12     | Reached skill level 1 in Armour
 17347 | Lair:1   | Entered Level 1 of the Lair of Beasts
 17364 | Lair:1   | Reached XP level 12. HP: 59/59 MP: 16/16
 17418 | Lair:1   | Noticed a four-headed hydra
 17442 | Lair:1   | Killed a four-headed hydra
 18124 | Lair:2   | Found a dark tunnel.
 18129 | Volcano  | Entered a volcano
 18729 | Volcano  | Found a bloodstained altar of Trog.
 18842 | Volcano  | Noticed a stone giant
 18994 | Volcano  | Killed a stone giant
 18994 | Volcano  | Reached skill level 14 in Dodging
 18994 | Volcano  | Reached skill level 5 in Hexes
 19707 | Lair:2   | Noticed a four-headed hydra
 19724 | Lair:2   | Killed a four-headed hydra
 19794 | Lair:2   | Found the ring of Phasing {EV+8}
 20004 | Lair:2   | Got an amber-studded leather armour
 20671 | Lair:3   | Reached skill level 5 in Transmutations
 20977 | Lair:3   | Found a staircase to the Snake Pit.
 21163 | Lair:4   | Lost mutation: You are clumsy. (Dex -2) [potion of
                  | mutation]
 21163 | Lair:4   | Lost mutation: You are robust. (+10% HP) [potion of
                  | mutation]
 21163 | Lair:4   | Lost mutation: You expend magic power (3 MP) to strengthen
                  | your wands. [potion of mutation]
 21163 | Lair:4   | Gained mutation: You are robust. (+10% HP) [potion of
                  | mutation]
 21163 | Lair:4   | Gained mutation: You have a pair of small horns on your
                  | head. [potion of mutation]
 21173 | Lair:4   | Noticed Sonja
 21283 | Lair:4   | Found a staircase to the Swamp.
 21322 | Lair:4   | Killed Sonja
 21913 | Lair:5   | Noticed Nessos
 21913 | Lair:5   | Noticed a seven-headed hydra
 21967 | Lair:5   | Noticed a death yak
 21967 | Lair:5   | Noticed a death yak
 21967 | Lair:5   | Noticed a death yak
 21967 | Lair:5   | Noticed a death yak
 21994 | Lair:4   | Reached XP level 13. HP: 55/66 MP: 20/20
 22407 | Lair:5   | Reached skill level 15 in Dodging
 22407 | Lair:5   | Reached skill level 5 in Spellcasting
 22413 | Lair:5   | Learned a level 4 spell: Sticky Flame
 22417 | Lair:5   | Learned a level 3 spell: Conjure Flame
 22439 | Lair:5   | Found a staircase to the Slime Pits.
 22440 | Lair:5   | Found a viscous altar of Jiyva.
 22622 | Lair:5   | Learned a level 3 spell: Tukima's Dance
 23291 | Lair:5   | Reached skill level 1 in Fire Magic
 23947 | Orc:1    | Entered Level 1 of the Orcish Mines
 24533 | Orc:1    | Noticed a stone giant
 24939 | D:11     | Killed a stone giant
 25486 | Orc:1    | Reached skill level 16 in Dodging
 26140 | Orc:1    | Found a roughly hewn altar of Beogh.
 26227 | Orc:2    | Entered Level 2 of the Orcish Mines
 26899 | Orc:2    | Found a staircase to the Elven Halls.
 28206 | Orc:1    | Reached XP level 14. HP: 73/73 MP: 24/24
 28931 | Orc:2    | Reached skill level 17 in Dodging
 29188 | Orc:2    | Found Bedghuru's Jewellery Emporium.
 29188 | Orc:2    | Found Astala's Weapon Shop.
 29202 | Orc:2    | Found Boniygu's Antique Armour Shop.
 29202 | Orc:2    | Found Subb's Jewellery Shoppe.
 29214 | Orc:2    | Bought a faintly humming robe for 153 gold pieces
 29214 | Orc:2    | Bought a tattered robe for 153 gold pieces
 29216 | Orc:2    | Identified the +1 robe "Hetsygoj" {*Corrode rElec rC+ rN++
                  | Dex+3} (You bought it in a shop on level 2 of the Orcish
                  | Mines)
 29231 | Orc:2    | Identified the cursed +0 robe "Poicam" {+Blink rN+ Stlth-}
                  | (You bought it in a shop on level 2 of the Orcish Mines)
 30075 | Lair:5   | Killed Nessos
 30133 | Lair:6   | Entered Level 6 of the Lair of Beasts
 30381 | Lair:5   | Reached skill level 5 in Armour
 30773 | Lair:5   | Reached skill level 5 in Conjurations
 32609 | Lair:6   | Identified the Volume of Poisoning and Calling
 32649 | Lair:6   | Learned a level 4 spell: Summon Lightning Spire
 32866 | Lair:6   | Reached skill level 1 in Air Magic
 33016 | Lair:6   | Reached XP level 15. HP: 71/76 MP: 20/29
 33455 | Lair:6   | Reached skill level 1 in Summonings
 35354 | Snake:1  | Entered Level 1 of the Snake Pit
 35365 | Snake:1  | Found Enudiqank's Food Shop.
 35368 | Snake:1  | Found Kaydit's Book Shop.
 35368 | Snake:1  | Found Navuc's Magic Scroll Boutique.
 35371 | Snake:1  | Found Veonuaw's Magic Scroll Boutique.
 35389 | Snake:1  | Bought a book of Minor Magic for 340 gold pieces
 35392 | Snake:1  | Learned a level 2 spell: Blink
 35396 | Snake:1  | Learned a level 3 spell: Mephitic Cloud
 35396 | Snake:1  | Bought a book of Party Tricks for 850 gold pieces
 35398 | Snake:1  | Learned a level 1 spell: Apportation
 35413 | Snake:1  | Identified Roxanne's Tome of Earth
 35413 | Snake:1  | Noticed Roxanne
 35549 | Snake:1  | Reached skill level 18 in Dodging
 35867 | Snake:1  | Reached skill level 1 in Translocations
 36177 | Snake:1  | Reached skill level 1 in Poison Magic
 36815 | Snake:1  | Reached skill level 10 in Spellcasting
 36972 | Snake:1  | Reached skill level 5 in Fire Magic
 37065 | Snake:1  | Killed Roxanne
 37171 | Snake:1  | Bought a scroll of acquirement for 728 gold pieces
 38895 | Snake:3  | Killed from afar by a shock serpent

Levels and vault maps discovered:
D:1:      noname_arrival_rooms_in_the_neighbourhood, layout_loops_corners,
          minmay_misc_feat_iff, kennysheep_boxes
D:2:      layout_loops_ring, serial_co_window_serial, co_window_corner_a,
          co_window_corner_a, co_window_paths_b, co_window_paths_a,
          co_window_of_opportunity_a, co_window_of_opportunity_c,
          co_window_2corner, co_window_corner_ca, glass_columns_c, st_stairs_1,
          minmay_pentomino_r4, uniq_terence
D:3:      layout_basic, overflow_temple_1_default
D:4:      layout_loops_corners, minmay_misc_feat_encased, okawaru_trees_2
D:5:      layout_basic, kennysheep_little_box, minmay_temple_entry_junction,
          first_ration, uniq_sigmund, uniq_prince_ribbit1, uniq_ijyb
D:6:      layout_rooms, nicolae_ru_awakened_eye, gammafunk_ghost_abyssal_escape,
          serial_shops, shop
D:7:      layout_loops_ring, marbit_many_paths, kennysheep_mini
D:8:      layout_basic, serial_shops, shop, uniq_erica
D:9:      layout_roguey, regret_index_temple_of_mockery
D:10:     layout_rooms, special_room [special_room_orc]
D:11:     layout_long_grid, grunt_lair_entry_orc_guard_hut, hiddenorc2_lemuel,
          enter_trove_1, grunt_ogre_cave, uniq_maurice
D:12:     layout_cave_pods
D:13:     layout_loops_cross, skrybe_vaults_entry_preservation,
          ebering_ghost_funeral_grove, minmay_another_anthill
Temple:   eino_wide_crystal_templ
Lair:1:   layout_misc_corridors, serial_bayou_lake_a
Lair:2:   layout_long_grid, enter_volcano_4, minivault_25, serial_bayou_pond_e
Lair:3:   layout_regular_city, minmay_snake_entry_guardpost_large,
          beast_lair_carwin_6
Lair:4:   layout_gridlike, swamp_mist_pool, serial_bayou_lagoon_b, uniq_sonja
Lair:5:   layout_cave_pods, slime_altar_1, grunt_megastairs_2, uniq_nessos
Lair:6:   guppyfry_lair_end_dragon, layout_long_grid,
          hangedman_lair_tendril_chambers, minmay_lair_oklob_chamber,
          serial_bayou_shore_a
Snake:1:  nicolae_snakescales, layout_onion, minmay_shoptagon, uniq_roxanne
Snake:2:  layout_honeycomb
Snake:3:  layout_chambers, st_stairs_14, nicolae_snake_springs
Orc:1:    layout_caves, minmay_orc_temple_c
Orc:2:    st_orc_ogre_mass, layout_caves, nicolae_orc_lava_room

Skill      XL: |  1  2  3  4  5  6  7  8  9 10 11 12 13 14 15 |
---------------+----------------------------------------------+-----
Short Blades   | 2 3 4 5 6 7 8 9 10 11 12 | 12.3
Dodging        | 4 5 6 7 9 11 13 14 16 17 18 | 18.2
Stealth        | 2 3 4 5 7 10 11 | 11.4
Throwing       | 2 3 4 6 8 10 | 10.1
Fighting       | 1 2 3 |  3.0
Evocations     | 5 6 7 |  7.3
Spellcasting   | 2 4 6 9 10 | 10.8
Hexes          | 3 5 6 |  6.1
Conjurations   | 2 3 4 5 |  5.6
Transmutations | 3 5 6 7 8 |  8.3
Armour         | 1 2 4 5 |  5.0
Fire Magic     | 2 4 5 |  5.5
Air Magic      | 1 2 |  2.3
Summonings     | 2 |  2.4
Translocations | 4 |  4.0
Poison Magic   | 2 |  2.5

Action                   |  1- 3 |  4- 6 |  7- 9 | 10-12 | 13-15 || total
-------------------------+-------+-------+-------+-------+-------++-------
Melee: Dagger            |   109 |    77 |   253 |   788 |  1109 ||  2336
       Short sword       |     3 |       |       |       |       ||     3
       Headbutt          |       |       |       |    10 |   175 ||   185
Throw: Dart              |    13 |    50 |    75 |   136 |    97 ||   371
       Boomerang         |       |       |    44 |   296 |   293 ||   633
 Cast: Searing Ray       |       |       |       |    17 |   138 ||   155
       Dazzling Flash    |       |       |       |     1 |     2 ||     3
       Conjure Flame     |       |       |       |       |     5 ||     5
       Sticky Flame      |       |       |       |       |    45 ||    45
       Irradiate         |       |       |       |       |     2 ||     2
       Blink             |       |       |       |       |     2 ||     2
       Summon Lightning  |       |       |       |       |     2 ||     2
 Abil: Evoke Invisibilit |       |       |       |     5 |     8 ||    13
Evoke: Wand              |       |       |    17 |     3 |     3 ||    23
  Use: Scroll            |       |     4 |     7 |    12 |    14 ||    37
       Potion            |       |     1 |       |    12 |     9 ||    22
 Stab: Sleeping          |     4 |     5 |    12 |    25 |    13 ||    59
       Distracted        |       |       |     3 |     7 |     8 ||    18
       Paralysed         |       |       |       |     1 |       ||     1
       Invisible         |       |       |       |     3 |    12 ||    15
  Eat: Ration            |       |     1 |     2 |     7 |    13 ||    23
Armor: Robe              |     3 |     4 |    12 |    22 |       ||    41
       Troll leather arm |       |       |       |    23 |    64 ||    87
Dodge: Dodged            |    66 |    37 |   148 |   483 |  1305 ||  2039
       Deflected         |       |       |       |     6 |       ||     6

Table legend:
 A = Non-vault XP
 B = Vault XP
 C = Vault XP percentage of total XP
 D = Non-vault monster count
 E = Vault monster count
 F = Vault count percentage of total count
                 A         B        C        D         E       F
            +---------+---------+-------+---------+---------+-------
      Total |   81450 |   56917 |  41.1 |     496 |     245 |  33.1
            +---------+---------+-------+---------+---------+-------
        D:1 |      53 |       0 |   0.0 |      27 |       0 |   0.0
        D:2 |      39 |      54 |  58.1 |      19 |       5 |  20.8
        D:3 |      24 |       0 |   0.0 |      14 |       0 |   0.0
        D:4 |     351 |       0 |   0.0 |      17 |       0 |   0.0
        D:5 |     184 |     417 |  69.4 |       5 |       3 |  37.5
        D:6 |     809 |       0 |   0.0 |      28 |       0 |   0.0
        D:7 |     747 |     918 |  55.1 |      16 |       1 |   5.9
        D:8 |    1951 |       0 |   0.0 |      21 |       0 |   0.0
        D:9 |    2841 |      99 |   3.4 |      32 |       1 |   3.0
       D:10 |     546 |     110 |  16.8 |      10 |      25 |  71.4
       D:11 |    7480 |    2720 |  26.7 |      47 |      55 |  53.9
       D:12 |    6175 |       0 |   0.0 |      28 |       0 |   0.0
       D:13 |     247 |       0 |   0.0 |       1 |       0 |   0.0
     Lair:1 |    4179 |       0 |   0.0 |      17 |       0 |   0.0
     Lair:2 |    1126 |       0 |   0.0 |       3 |       0 |   0.0
     Lair:3 |    1796 |    1622 |  47.5 |      10 |      10 |  50.0
     Lair:4 |    5666 |    1619 |  22.2 |      18 |       3 |  14.3
     Lair:5 |   13668 |    2415 |  15.0 |      40 |       4 |   9.1
     Lair:6 |    5560 |   12471 |  69.2 |      23 |      49 |  68.1
    Snake:1 |    9276 |    5531 |  37.4 |      24 |       8 |  25.0
    Snake:2 |    5781 |       0 |   0.0 |      10 |       0 |   0.0
    Snake:3 |    4361 |    3450 |  44.2 |       9 |       9 |  50.0
      Orc:1 |    4885 |    9430 |  65.9 |      38 |      23 |  37.7
      Orc:2 |    3705 |   11248 |  75.2 |      39 |      30 |  43.5
    Volcano |       0 |    4813 | 100.0 |       0 |      19 | 100.0
            +---------+---------+-------+---------+---------+-------
